 Dungeon Crawl Stone Soup version 0.20.1-1-g8b1a95d66d (webtiles) character file.

42 Jerry the Chopper (level 3, -7/29 HPs)
             Began as a Demonspawn Chaos Knight on Nov 20, 2017.
             Mangled by a warg (15 damage)
             ... on level 2 of the Dungeon.
             The game lasted 00:03:02 (1783 turns).

Jerry the Chopper (Demonspawn Chaos Knight)         Turns: 1783, Time: 00:03:03

Health: -7/29      AC:  9    Str: 13    XL:     3   Next: 33%
Magic:  3/3        EV: 11    Int: 13    God:    Xom [....*.]
Gold:   129        SH:  0    Dex: 12    Spells: 2/2 levels left

rFire    + . .     SeeInvis .   a - +0 hand axe (chaos)
rCold    . . .     Gourm    .   (no shield)
rNeg     . . .     Faith    .   b - +2 leather armour
rPois    .         Spirit   .   (no helmet)
rElec    .         Reflect  .   d - +0 cloak
rCorr    .         Harm     .   (no gloves)
MR       .....                  o - +2 pair of boots
Stlth    +.........             (no amulet)
Regen    0.1/turn               l - ring of protection from fire
MPRegen  0.1/turn               (no ring)

@: no status effects
A: spiny 2
a: Renounce Religion


You were on level 2 of the Dungeon.
You worshipped Xom.
You were a beloved toy of Xom.
You were not hungry.

You visited 1 branch of the dungeon, and saw 2 of its levels.

You collected 129 gold pieces.

Inventory:

Hand Weapons
 a - a +0 hand axe of chaos (weapon)
Armour
 b - a +2 leather armour (worn)
 d - a +0 cloak (worn)
 k - a +2 scale mail of positive energy
 o - a +2 pair of boots (worn)
 r - a +0 shield
 s - a +0 plate armour
Jewellery
 l - a ring of protection from fire (left hand)
Scrolls
 e - a scroll of amnesia {unknown}
 g - 2 scrolls of teleportation {unknown}
 h - 2 scrolls of identify {unknown}
 m - a scroll of remove curse {unknown}
 n - a scroll of magic mapping {unknown}
Potions
 f - 2 potions of flight {unknown}
 i - a potion of agility {unknown}
 j - a potion of magic {unknown}
 p - a potion of curing {unknown}
 q - a potion of brilliance {unknown}
Comestibles
 c - a bread ration
 t - a meat ration


   Skills:
 + Level 3.3 Fighting
 * Level 3.4 Axes
 + Level 2.2 Armour
 - Level 0.8 Dodging


You had 2 spell levels left.
You didn't know any spells.

Dungeon Overview and Level Annotations

Branches:
Dungeon (2/15)

Altars:
Cheibriados
Qazlal


Innate Abilities, Weirdness & Mutations

You are mostly covered in sharp spines.


Message History

The hobgoblin shouts!
A hobgoblin comes into view. It is wielding a club.
The warg seems less confused.
The warg bites you! The warg closely misses you. The warg bites you.
You hear a shout!
The warg is struck by your spines. The warg bites you.
* * * LOW HITPOINT WARNING * * *
The warg closely misses you.
You hit the warg.
The warg is heavily wounded.
The warg closely misses you. x2
You hit the warg but do no damage.
The warg is heavily wounded.
The warg barely misses you. The warg bites you but does no damage.
You slash the warg!
The warg looks as sick as possible!
The warg is severely wounded.
The warg bites you!
Ouch! That really hurt!
You die...
Xom cackles wildly!

##.### #........
#....# #........
####.# #........
#.# #........ #.#
#........ #.#
######### #.# #
#.# # #@#
##############
#h##.......#......
#gg........#.####.
####.#..... ## .#
##. .# .# .# .#


You could see a warg (berserk) and 2 hobgoblins.

Vanquished Creatures
  An adder (D:2)
  3 worms (D:2)
  A dart slug (D:2)
  A leopard gecko (D:1)
  3 bats (D:1)
  2 giant cockroaches
  A goblin (D:2)
  A hobgoblin (D:2)
  A frilled lizard (D:1)
  4 kobolds
  4 rats
22 creatures vanquished.

Notes
Turn   | Place    | Note
-------+----------+-------------------------------------------
     0 | D:1      | Jerry the Demonspawn Chaos Knight began the quest for the Orb.
     0 | D:1      | Reached XP level 1. HP: 18/18 MP: 1/1
    54 | D:1      | XOM: silly message
   109 | D:1      | XOM: divination: detect items
   477 | D:1      | Gained mutation: You are partially covered in sharp spines. [demonic ancestry]
   477 | D:1      | Reached XP level 2. HP: 11/24 MP: 2/2
   945 | D:1      | You fall through a shaft!
  1021 | D:2      | XOM: silly message
  1386 | D:2      | XOM: silly message
  1490 | D:2      | Found a stormy altar of Qazlal.
  1490 | D:2      | Found a snail-covered altar of Cheibriados.
  1539 | D:2      | Gained mutation: You are mostly covered in sharp spines. [demonic ancestry]
  1539 | D:2      | Reached XP level 3. HP: 29/29 MP: 3/3
  1545 | D:2      | XOM: divination: detect creatures
  1660 | D:2      | XOM: divination: magic mapping
  1732 | D:2      | XOM: silly message
  1769 | D:2      | Noticed a warg
  1769 | D:2      | a worm changed into a warg
  1769 | D:2      | XOM: polymorph worm -> warg
  1783 | D:2      | Mangled by a warg

Skill      XL: |  1 |
---------------+----+-----
Armour         | 2 |  2.2
Axes           | 3 |  3.4
Fighting       | |  3.3
Dodging        | |  0.8

Action                   || total
-------------------------++-------
Melee: Hand axe          ||    70
  Eat: Royal jelly       ||     1
       Chunk             ||     1
Armor: Leather armour    ||    19
Dodge: Dodged            ||    32
